 Dungeon Crawl Stone Soup version 0.31-a0-161-gb58dd9be76 (webtiles) character file.

Game seed: 1049839491479496489

69 qw the Shooter (level 4, -2/28 HPs)
             Began as a Gargoyle Hunter on June 12, 2023.
             Slain by a gnoll
             ... wielding a +0 spear
              (4 damage)
             ... on level 2 of the Dungeon.
             The game lasted 00:00:33 (1551 turns).

qw the Shooter (Gargoyle Hunter)                    Turns: 1551, Time: 00:00:33

Health: -2/28      AC: 10    Str: 14    XL:     4   Next: 20%
Magic:  4/4        EV: 10    Int: 10    God:
Gold:   133        SH:  0    Dex: 15    Spells: 3/3 levels left

rFire   . . .        Y - +0 shortbow
rCold   . . .        (shield currently unavailable)
rNeg    + . .        j - +2 ring mail {Will+}
rPois   inf          (no helmet)
rElec   +            (no cloak)
rCorr   .            (no gloves)
SInv    .            (no boots)
Will    +....        (no amulet)
Stlth   +            (no ring)
HPRegen 0.24/turn    (no ring)
MPRegen 0.09/turn

%: no passive effects
@: no status effects
A: sickness immunity, AC +3, negative energy resistance 1, electricity
resistance, torment resistance 1, petrification resistance
a: no special abilities


You were on level 2 of the Dungeon.
You visited 1 branch of the dungeon, and saw 2 of its levels.

You collected 133 gold pieces.


Innate Abilities, Weirdness & Mutations

You are immune to sickness and miasma.
Your stone body is resilient. (AC +3)
You are immune to poison.
You resist negative energy. (rN+)
You are resistant to electric shocks. (rElec)
You are resistant to unholy torment.
You are immune to petrification.


   Skills:
 - Level 3.0 Fighting
 + Level 5.1 Ranged Weapons
 - Level 1.0 Armour
 - Level 1.5 Dodging
 - Level 1.1 Stealth


You had 3 spell levels left.
You didn't know any spells.
Your spell library was empty.

Inventory:

Hand Weapons
 Y - a +0 shortbow (weapon)
Armour
 j - a +2 ring mail of willpower (worn)
Jewellery
 c - an amulet of reflection
Scrolls
 a - a scroll of teleportation {unknown}
 e - a scroll of enchant weapon {unknown}
 h - a scroll of immolation {unknown}
Potions
 b - a potion of mutation {unknown}
 d - a potion of degeneration {unknown}
 f - 2 potions of enlightenment {unknown}
 g - a potion of invisibility {unknown}
 i - a potion of brilliance {unknown}

Dungeon Overview and Level Annotations

Branches:
Dungeon (2/15)

Altars:
Yredelemnul

Annotations:
D:2 exclusion: gnoll


Message History

You shoot an arrow. The arrow hits the gnoll.
The gnoll is moderately wounded.
The gnoll closely misses you.
You shoot an arrow. The arrow hits the gnoll.
The gnoll is heavily wounded.
The gnoll hits you from afar with a +0 spear.
You shoot an arrow. The arrow closely misses the gnoll.
The gnoll hits you from afar with a +0 spear!
The gnoll hits you from afar with a +0 spear.
You shoot an arrow.
The arrow hits the gnoll but does no damage.
The gnoll is heavily wounded.
You hear a shout!
The gnoll hits you but does no damage.
You shoot an arrow. The arrow hits the gnoll.
The gnoll is severely wounded.
The gnoll hits you from afar with a +0 spear.
Enter note:
Enter note:
Enter note:
Enter note:
Enter note:
Enter note:
Enter note:
Enter note:
Enter note:
1547 ||| UPGRADING to amulet of reflection.
You start putting on your amulet.
You continue putting on your amulet of reflection.
The gnoll hits you from afar with a +0 spear.
Keep equipping yourself?
You continue putting on your amulet of reflection.
The gnoll hits you from afar with a +0 spear.
You continue putting on your amulet of reflection.
The gnoll hits you but does no damage.
You continue putting on your amulet of reflection.
The gnoll barely misses you.
You continue putting on your amulet of reflection.
The gnoll hits you from afar with a +0 spear.
You die...

#.......
###......# ###
#........# #..
..#......# # #.# #
#......# #g##.##^#
####.### #.gg....#
#.# #.# ##'## #@#
##...## #.####
##.....# #....##
##.......
#.#...####........
#........'........
##....####........
####.#.##
##.......
#.....### ##.....#
#.#.....# ##...##


You could see a gnoll.

Vanquished Creatures
  2 adders (D:2)
  3 dart slugs (D:1)
  5 ball pythons (D:2)
  5 bats
  8 endoplasms
  2 giant cockroaches (D:1)
  5 goblins
  A hobgoblin (D:1)
  5 kobolds
  2 quokkas
  2 frilled lizards
40 creatures vanquished.

Notes
Turn   | Place    | Note
-------+----------+-------------------------------------------
     0 | D:1      | qw the Gargoyle Hunter began the quest for the Orb.
     0 | D:1      | Reached XP level 1. HP: 12/12 MP: 1/1
     0 | D:1      | 0 ||| qw: Version: 0.2-a-29-gc1b59c4
     0 | D:1      | 0 ||| qw: Game counter: 4275
     0 | D:1      | 0 ||| qw: Always use a shield: true
     0 | D:1      | 0 ||| qw: God list: Okawaru
     0 | D:1      | 0 ||| qw: Allow faded altars: false
     0 | D:1      | 0 ||| qw: Do Orc after D:15 true
     0 | D:1      | 0 ||| qw: Do second Lair branch before Depths: true
     0 | D:1      | 0 ||| qw: Lair rune preference: random
     0 | D:1      | 0 ||| qw: Plans: Normal, Zot:1-4, Slime:5, God:TSO, Crypt,
                  | Tomb, Abyss, Pan, Hells, Win
     0 | D:1      | 0 ||| PLANNING D:1-11
    69 | D:1      | Reached XP level 2. HP: 17/17 MP: 2/2
   576 | D:1      | Reached XP level 3. HP: 21/21 MP: 3/3
   599 | D:1      | Reached skill level 5 in Ranged Weapons
   905 | D:1      | 905 ||| UPGRADING to +2 ring mail of willpower.
   915 | D:1      | 915 ||| DROPPING +0 leather armour.
   930 | D:1      | 930 ||| READING scroll labelled OCITEI JYRRO.
   931 | D:1      | 931 ||| READING scroll labelled MIGOPT DAMI.
   933 | D:1      | 933 ||| READING scroll labelled XIBBEE GUMP.
   934 | D:1      | 934 ||| READING scroll labelled VAOMMY ON KUWAN.
   935 | D:1      | 935 ||| READING scroll labelled VADGHO NINNE.
   936 | D:1      | 936 ||| DROPPING scroll of butterflies.
   986 | D:2      | Reached skill level 1 in Armour
  1064 | D:2      | Identified the +4 short sword of the Immovable Violins
                  | {heavy, Drain rF+ Int+6}
  1147 | D:2      | Reached skill level 3 in Fighting
  1147 | D:2      | Reached XP level 4. HP: 28/28 MP: 4/4
  1497 | D:2      | Found a basalt altar of Yredelemnul.
  1538 | D:2      | 1538 ||| Stepping ~*~*~tactically~*~*~ (outnumbered).
  1547 | D:2      | 1547 ||| UPGRADING to amulet of reflection.
  1547 | D:2      | HP: 6/28 [gnoll/+0 spear (6)]
  1548 | D:2      | HP: 1/28 [gnoll/+0 spear (5)]
  1551 | D:2      | Slain by a gnoll

Levels and vault maps discovered:
D:1:      lightli_molten_gateway, layout_basic
D:2:      layout_loops_corners, hellmonk_ecumenical_altar_dog_temple,
          basic_altar, grunt_ministairs_7

Skill      XL: |  1  2  3 |
---------------+----------+-----
Ranged Weapons | 5 |  5.1
Armour         | 1 |  1.0
Fighting       | 3 |  3.0
Dodging        | |  1.5
Stealth        | |  1.1

Action                     |  1- 3 |  4- 6 || total
---------------------------+-------+-------++-------
   Fire: Shortbow          |    86 |    34 ||   120
    Use: Scroll            |     5 |       ||     5
 Armour: Leather armour    |     5 |       ||     5
         Ring mail         |     5 |    14 ||    19
  Dodge: Dodged            |    18 |    13 ||    31

Table legend:
 A = Non-vault XP
 B = Vault XP
 C = Vault XP percentage of total XP
 D = Non-vault monster count
 E = Vault monster count
 F = Vault count percentage of total count
                 A         B        C        D         E       F
            +---------+---------+-------+---------+---------+-------
      Total |      95 |       4 |   4.0 |      38 |       2 |   5.0
            +---------+---------+-------+---------+---------+-------
        D:1 |      46 |       0 |   0.0 |      22 |       0 |   0.0
        D:2 |      49 |       4 |   7.5 |      16 |       2 |  11.1
            +---------+---------+-------+---------+---------+-------
